 Dungeon Crawl Stone Soup version 0.29.1-15-g9cfb28693d (webtiles) character file.

Game seed: 12222713134122946425

281 Peloso the Slasher (level 6, -4/53 HPs)
             Began as a Minotaur Fighter on Feb 25, 2023.
             Killed by divine providence
             ... invoked by an orc priest
              (9 damage)
             ... on level 4 of the Dungeon.
             The game lasted 00:05:40 (3160 turns).

Peloso the Slasher (Minotaur Fighter)               Turns: 3160, Time: 00:05:41

Health: -4/53      AC: 12    Str: 20    XL:     6   Next: 6%
Magic:  5/5        EV:  7    Int:  5    God:
Gold:   154        SH:  7    Dex: 12    Spells: 5/5 levels left

rFire   . . .      SeeInvis .   a - +1 long sword (flame)
rCold   . . .      Faith    .   d - +2 buckler
rNeg    . . .      Spirit   .   r - +0 chain mail
rPois   .          Reflect  .   (helmet restricted)
rElec   .          Harm     .   c - +0 cloak
rCorr   .          Rampage  .   g - +0 pair of gloves {hurl}
Will    .....                   (no boots)
Stlth   ..........              (no amulet)
HPRegen 0.17/turn               (no ring)
MPRegen 0.09/turn               (no ring)

@: no status effects
A: horns 2, retaliatory headbutt
a: no special abilities


You were on level 4 of the Dungeon.
You visited 1 branch of the dungeon, and saw 4 of its levels.

You collected 154 gold pieces.

Inventory:

Hand Weapons
 a - a +1 long sword of flaming (weapon)
Missiles
 p - a throwing net (quivered)
Armour
 b - a +0 scale mail
 c - a +0 cloak (worn)
 d - a +2 buckler (worn)
 g - a +0 pair of gloves of hurling (worn)
 r - a +0 chain mail (worn)
Wands
 o - a wand of iceblast (7)
Scrolls
 e - 2 scrolls of immolation {unknown}
 j - a scroll of torment {unknown}
 s - a scroll of brand weapon
 t - 6 scrolls of identify
 v - a scroll of amnesia {unknown}
 w - 3 scrolls of enchant weapon
 x - a scroll of teleportation {unknown}
Potions
 f - 2 potions of might
 h - a potion of brilliance
 i - 2 potions of haste
 k - 3 potions of heal wounds {unknown}
 l - 3 potions of lignification {unknown}
 m - a potion of berserk rage {unknown}
 n - a potion of resistance {unknown}
 q - a potion of mutation {unknown}
 u - a potion of curing {unknown}


   Skills:
 + Level 4.4 Fighting
 + Level 5.1 Long Blades
 + Level 4.9 Armour
 + Level 1.2 Dodging
 + Level 5.0 Shields


You had 5 spell levels left.
You didn't know any spells.
Your spell library contained the following spells:

 Spells                   Type           Power      Damage    Failure   Level
 Apportation              Tloc           0%         N/A       100%        1
 Static Discharge         Conj/Air       0%         3-3/arc   100%        2
 Lightning Bolt           Conj/Air       0%         1d11      100%        5
 Maxwell's Capacitive Co  Air            0%         ∞         100%        8


Dungeon Overview and Level Annotations

Branches:
Dungeon (4/15)
 Temple: D:4-7

Altars:
The Shining One

Shops:
D:3 [


Innate Abilities, Weirdness & Mutations

You have a pair of horns on your head.
You reflexively headbutt those who attack you in melee.


Message History

You feel sick.
You hear a shout!
You block the kobold's attack. You block the orc's attack.
The orc barely misses you. You furiously retaliate!
You headbutt the orc. The kobold hits you but does no damage.
You hit the kobold. You burn the kobold.
You kill the kobold!
You feel sick.
You are no longer poisoned.
The orc hits you but does no damage.
An orc priest comes into view. It is wielding a +0 hand axe.
The orc priest shouts!
You hear a shout!
Things that are here:
a +0 club; 4 poisoned darts; a scroll labelled RAUXTIACOWN The orc priest invokes the aid of Beogh against you.
Beogh smites you!
An orc comes into view. It is wielding a +0 flail.
You hear a shout!
The orc shouts!
You hit the orc. You burn the orc.
The orc is heavily wounded.
The orc hits you but does no damage.
You slash the orc! You burn the orc.
You kill the orc!
An orc priest comes into view. It is wielding a +0 club.
The orc barely misses you. The orc attacks as you move away!
The orc hits you with a +0 whip. The orc attacks as you move away!
The orc hits you but does no damage.
The orc priest invokes the aid of Beogh against you.
Beogh smites you!
The orc priest mumbles some strange prayers to Beogh against you.
Pain shoots through your body!
* * * LOW HITPOINT WARNING * * *
The orc hits you but does no damage.
The orc priest looks braver for a moment.
The orc attacks as you move away! The orc barely misses you.
The orc attacks as you move away! The orc hits you but does no damage.
The orc priest calls down the wrath of Beogh upon you.
Beogh smites you!
You die...

..####.#.###.###...
..........#...#....
......#.8...8...8.#
..........).o.....#
.........)).<...#.
..........o....##
#+##..........#
#..#....o.....#
#.@.o........#
###..........#
#..........#
#..........#
#..........#
#..........#
#.......######
#...).#......####
#.....######.....


You could see 2 orc priests and 2 orcs.

Vanquished Creatures
  A scorpion (D:3)
  A hound (D:4)
  An iguana (D:4)
  7 adders
  A worm (D:2)
  4 dart slugs
  10 orcs
  5 ball pythons
  7 endoplasms
  2 giant cockroaches
  6 goblins
  4 hobgoblins
  10 jackals (D:3)
  5 kobolds
  A quokka (D:3)
  6 bats
  5 frilled lizards
  5 rats
81 creatures vanquished.

Notes
Turn   | Place    | Note
-------+----------+-------------------------------------------
     0 | D:1      | Peloso the Minotaur Fighter began the quest for the Orb.
     0 | D:1      | Reached XP level 1. HP: 19/19 MP: 0/0
   225 | D:1      | Reached XP level 2. HP: 27/27 MP: 1/1
   259 | D:1      | Found a faded altar of an unknown god.
   274 | D:1      | Got Plato's Secrets of Orientation
   836 | D:2      | Reached XP level 3. HP: 33/33 MP: 2/2
  1514 | D:2      | Reached XP level 4. HP: 40/40 MP: 3/3
  1994 | D:3      | Reached skill level 1 in Dodging
  1994 | D:3      | Found Nuryt's Antique Armour Shoppe.
  2462 | D:3      | Noticed a scorpion
  2473 | D:3      | Killed a scorpion
  2474 | D:3      | Reached XP level 5. HP: 43/47 MP: 4/4
  2801 | D:3      | Found a glowing golden altar of the Shining One.
  3136 | D:4      | Reached skill level 5 in Long Blades
  3136 | D:4      | Reached skill level 5 in Shields
  3139 | D:4      | Reached XP level 6. HP: 53/53 MP: 5/5
  3160 | D:4      | Killed from afar by an orc priest

Illustrated notes

Levels and vault maps discovered:
D:1:      heliophobic_arrival_ceremonial_halls, layout_basic,
          shapermc_ecumenical_altar_rom_forum
D:2:      layout_basic, roderic_serpentine_path
D:3:      layout_loops_cross, mainiacjoe_overflow_surrounded_room, serial_shops,
          nicolae_lakefront_shop, grunt_decor_cap
D:4:      layout_basic, nicolae_overflow_hidden_temple,
          minmay_misc_feat_four_crosses

Skill      XL: |  1  2  3  4  5 |
---------------+----------------+-----
Shields        | 4 5 |  5.0
Armour         | 4 |  4.9
Long Blades    | 3 4 5 |  5.1
Fighting       | 4 |  4.4
Dodging        | 1 |  1.2

Action                   |  1- 3 |  4- 6 || total
-------------------------+-------+-------++-------
Melee: Long sword        |    90 |   102 ||   192
       Headbutt          |    13 |    14 ||    27
  Use: Scroll            |     2 |     4 ||     6
Armor: Scale mail        |    50 |    10 ||    60
       Chain mail        |       |    43 ||    43
Dodge: Dodged            |    61 |    33 ||    94
Block: Buckler           |    33 |    41 ||    74
